 Dungeon Crawl Stone Soup version 0.30.1-3-gfc49f6343a (webtiles) character file.

Game seed: 9724647039111818416

1 CaptainMV the Covered (level 1, 0/13 HPs)
             Began as a Demonspawn Wanderer on July 26, 2023.
             Slain by a bat (1 damage)
             ... on level 1 of the Dungeon.
             The game lasted 00:00:47 (51 turns).

CaptainMV the Covered (Demonspawn Wanderer)           Turns: 51, Time: 00:00:48

Health: 0/13       AC:  5    Str: 13    XL:     1   Next: 16%
Magic:  1/2        EV: 10    Int: 13    God:
Gold:   0          SH:  0    Dex: 11    Spells: 1/2 levels left

rFire   . . .        a - +0 club
rCold   . . .        (no shield)
rNeg    . . .        b - +0 ring mail
rPois   .            (no helmet)
rElec   .            (no cloak)
rCorr   .            (no gloves)
SInv    .            (no boots)
Will    .....        (no amulet)
Stlth   +            (no ring)
HPRegen 0.22/turn    (no ring)
MPRegen 0.08/turn

%: no passive effects
@: no status effects
A: no striking features
a: no special abilities


You were on level 1 of the Dungeon.
You visited 1 branch of the dungeon, and saw 1 of its levels.

Inventory:

Hand Weapons
 a - a +0 club (weapon)
Armour
 b - a +0 ring mail (worn)
Scrolls
 d - 2 scrolls of fear
Potions
 c - a potion of might


   Skills:
 + Level 2.8 Armour
 + Level 1.0 Stealth
 + Level 1.7 Unarmed Combat
 + Level 1.0 Spellcasting
 + Level 1.0 Summonings
 + Level 1.2 Invocations
 + Level 1.0 Evocations


You had one spell level left.
You knew the following spells:

 Your Spells              Type           Power      Damage    Failure   Level
a - Summon Small Mammal   Summ           12%        N/A       36%         1

Your spell library contained the following spells:

 Spells                   Type           Power      Damage    Failure   Level
 Summon Guardian Golem    Hex/Summ       1%         N/A       80%         3


Dungeon Overview and Level Annotations

Branches:
Dungeon (1/15)

Altars:


Message History

The endoplasm freezes your rat.
Your rat is frozen.
You completely miss the endoplasm.
The endoplasm is moderately wounded.
Your rat bites the endoplasm.
The endoplasm hits you.
You hit the endoplasm.
You kill the endoplasm!
The bat barely misses you.
Your rat bites the hobgoblin.
The hobgoblin hits your rat.
Your rat dies!
Your rat's corpse disappears in a puff of smoke!
The hobgoblin shouts!
A ball python comes into view.
The ball python hisses angrily.
The hobgoblin hits you. The bat barely misses you.
Your magical contamination has completely faded away.
You hit the hobgoblin.
The hobgoblin is heavily wounded.
The bat closely misses you. The hobgoblin completely misses you.
The hobgoblin barely misses you.
An endoplasm comes into view.
You barely miss the hobgoblin.
The hobgoblin is heavily wounded.
The bat closely misses you. The hobgoblin hits you.
You barely miss the hobgoblin.
The hobgoblin is heavily wounded.
The hobgoblin hits you.
* * * LOW HITPOINT WARNING * * *
The bat hits you but does no damage.
You hit the endoplasm.
The endoplasm is heavily wounded.
The bat hits you but does no damage. The hobgoblin hits you.
* * * LOW HITPOINT WARNING * * *
The endoplasm barely misses you. The bat closely misses you.
The hobgoblin hits you but does no damage.
The endoplasm hits you but does no damage.
You hit the endoplasm but do no damage.
The endoplasm is heavily wounded.
The bat hits you.
You die...

. #..### ### # . ......
.. .# ## .#### ... #
#.##. ... #...#### ..
... .... #.....###...
#.# .....
#........#######J#......
.........##.....@b......
....<....#######g#......
...♣....### #S#.....$
........# #.# .....
.......##.. ... ...##
##.....# .# #.. ..#
####...# # #.# .##
..#####.. ... ##.### ..


You could see an endoplasm, a hobgoblin, a bat and a ball python.

Vanquished Creatures
  An endoplasm (D:1)
1 creature vanquished.

Notes
Turn   | Place    | Note
-------+----------+-------------------------------------------
     0 | D:1      | CaptainMV the Demonspawn Wanderer began the quest for the
                  | Orb.
     0 | D:1      | CaptainMV set off with the following items: a +0 club, a +0
                  | ring mail, a potion of might, 2 scrolls of fear; and the
                  | following spell memorised: Summon Small Mammal; and the
                  | following spells available to memorise: Summon Guardian
                  | Golem.
     0 | D:1      | Reached XP level 1. HP: 13/13 MP: 2/2
    51 | D:1      | Slain by a bat

Illustrated notes

Levels and vault maps discovered:
D:1:      spicycebolla_green_bress_n_ham, layout_loops_ring, serial_bayou_pond_d

Action                     || total
---------------------------++-------
  Melee: Club              ||     8
   Cast: Summon Small Mamm ||     1
    Use: Scroll            ||     1
 Armour: Ring mail         ||     4
  Dodge: Dodged            ||    11
